 Dungeon Crawl Stone Soup version 0.30.1-4-g462c640d31 (webtiles) character file.

Game seed: 9293597953035236361

7762 spardeous the Placeless Demigod (level 10, -9/69 HPs)
             Began as a Demigod Conjurer on Aug 12, 2023.
             Mangled by Urug
             ... wielding a +0 eveningstar
              (26 damage)
             ... on level 10 of the Dungeon.
             The game lasted 00:16:00 (14700 turns).

spardeous the Placeless Demigod (Demigod Conjurer) Turns: 14700, Time: 00:16:00

Health: -9/69      AC: 11    Str: 14    XL:     10   Next: 69%
Magic:  0/23       EV: 10    Int: 28    God:
Gold:   275        SH:  0    Dex: 12    Spells: 14/21 levels left

rFire   + . .        J - +10 morningstar "Eos" {elec, Halo rElec}
rCold   . . .        (no shield)
rNeg    . . .        F - +2 ring mail {rF+}
rPois   .            (no helmet)
rElec   +            E - +0 cloak
rCorr   .            C - +1 pair of gloves
SInv    .            d - +0 pair of boots
Will    ++...        o - amulet "Gyatt" {Spirit Str+2}
Stlth   +            j - ring of willpower
HPRegen 0.31/turn    (no ring)
MPRegen 0.18/turn

%: guardian spirit
@: glowing
A: high MP 1, forlorn, divine attributes
a: no special abilities


You were on level 10 of the Dungeon.
You visited 1 branch of the dungeon, and saw 10 of its levels.

You collected 1193 gold pieces.
You spent 918 gold pieces at shops.

Inventory:

Hand Weapons
 x - a +2 vampiric dagger
 J - the +10 morningstar "Eos" (weapon) {elec, Halo rElec}
   (You bought it in a shop on level 8 of the Dungeon)

   Halo:      It grants its wielder a halo, revealing invisible creatures and
   increasing accuracy against all within it other than the wielder.
   rElec:     It insulates you from electricity.
Missiles
 H - 2 throwing nets
Armour
 d - a +0 pair of boots (worn)
 k - a +1 chain mail of cold resistance
 l - a +0 ring mail
 C - a +1 pair of gloves (worn)
 E - a +0 cloak (worn)
 F - a +2 ring mail of fire resistance (worn)
 K - a +0 troll leather armour
Jewellery
 j - a ring of willpower (left hand)
 o - the amulet "Gyatt" (around neck) {Spirit Str+2}
   (You found it on level 2 of the Dungeon)

   [amulet of guardian spirit]

   It causes incoming damage to be divided between your reserves of health and
   magic.
   Str:       It affects your strength (+2).
 I - the amulet of Greed {Spirit Int+3}
   (You found it on level 7 of the Dungeon)

   [amulet of guardian spirit]

   It causes incoming damage to be divided between your reserves of health and
   magic.
   Int:       It affects your intelligence (+3).
Wands
 e - a wand of charming (10)
 G - a wand of digging (10)
 L - a wand of mindburst (8)
Scrolls
 a - a scroll of torment {unknown}
 c - a scroll of brand weapon
 f - 2 scrolls of blinking
 h - 3 scrolls of enchant armour {unknown}
 i - 3 scrolls of fear {unknown}
 n - a scroll of vulnerability
 p - 2 scrolls of magic mapping
 q - a scroll of silence
 s - 3 scrolls of fog {unknown}
 v - 3 scrolls of noise {unknown}
 y - 4 scrolls of teleportation
 A - 3 scrolls of immolation
 D - 2 scrolls of butterflies
 M - 3 scrolls of identify
 N - a scroll of amnesia {unknown}
Potions
 b - 2 potions of magic
 g - 2 potions of brilliance {unknown}
 m - 4 potions of attraction {unknown}
 r - 2 potions of flight
 t - 4 potions of curing {unknown}
 u - 4 potions of heal wounds {unknown}
 w - 2 potions of might {unknown}
 z - 2 potions of berserk rage {unknown}
 B - 2 potions of cancellation {unknown}


   Skills:
 + Level 8.8 Maces & Flails
 - Level 1.7 Dodging
 - Level 1.7 Stealth
 - Level 6.0 Spellcasting
 - Level 6.0 Conjurations
 - Level 10.1 Translocations


You had 14 spell levels left.
You knew the following spells:

 Your Spells              Type           Power      Damage    Failure   Level
a - Magic Dart            Conj           100%       1d8       1%          1
b - Searing Ray           Conj           84%        2d7       1%          2
c - Iskenderun's Mystic   Conj/Tloc      52%        2d11      4%          4

Your spell library contained the following spells:

 Spells                   Type           Power      Damage    Failure   Level
 Apportation              Tloc           100%       N/A       1%          1
 Dazzling Flash           Conj/Hex       50%        N/A       11%         3
 Necrotise                Necr           32%        1d5       12%         1
 Summon Small Mammal      Summ           32%        N/A       12%         1
 Mephitic Cloud           Conj/Pois/Air  19%        N/A       16%         3
 Poisonous Vapours        Pois/Air       16%        N/A       19%         2
 Fulminant Prism          Conj/Hex       12%        3d8       34%         4
 Call Canine Familiar     Summ           8%         N/A       36%         3
 Summon Guardian Golem    Hex/Summ       8%         N/A       36%         3
 Petrify                  Tmut/Erth      8%         N/A       77%         4
 Freezing Cloud           Conj/Ice/Air   9%         6-21      83%         5
 Metabolic Englaciation   Hex/Ice        4%         N/A       98%         5
 Statue Form              Tmut/Erth      5%         N/A       100%        6


Dungeon Overview and Level Annotations

Branches:
Dungeon (10/15)            Temple (0/1) D:5            Lair (0/5) D:8
    Orc (0/2) D:9

Shops:
D:5 ?   D:6 *   D:8 ?(*=   D:9 *

Annotations:
D:9 3 runed translucent doors, exclusion: obsidian statue, BillyBaka's ghost, journeyman GnHu
D:10 Urug


Innate Abilities, Weirdness & Mutations

You have an increased reservoir of magic. (+10% MP)
You shall have no god before yourself.
Your divine heritage dramatically boosts your attributes as you level up.


Message History

Confirm with . or Enter, or press ? or * to list all spells.
You erupt in a blast of force!
The mystic blast hits Urug.
Urug is lightly wounded.
Urug is knocked back by the mystic blast.
Urug slams into the closed door!
Urug is lightly wounded.
You now have 11/23 mp.
Casting: Iskenderun's Mystic Blast (dangerous; 4% risk of failure)
Confirm with . or Enter, or press ? or * to list all spells.
You erupt in a blast of force!
The mystic blast hits Urug!
Urug is heavily wounded.
Urug is knocked back by the mystic blast.
Urug slams into the closed door!
Urug is heavily wounded.
Urug throws a javelin.
The javelin barely misses you.
You now have 7/23 mp.
Casting: Iskenderun's Mystic Blast (dangerous; 4% risk of failure)
Confirm with . or Enter, or press ? or * to list all spells.
You erupt in a blast of force!
The mystic blast hits Urug.
Urug is heavily wounded.
Urug is knocked back by the mystic blast.
Urug slams into the closed door!
Urug is severely wounded.
You now have 4/23 mp.
Casting: Iskenderun's Mystic Blast (dangerous; 4% risk of failure)
Confirm with . or Enter, or press ? or * to list all spells.
You erupt in a blast of force!
The mystic blast hits Urug!
Urug is almost dead.
Urug is knocked back by the mystic blast.
Urug slams into the closed door!
Urug is almost dead.
You now have 0/23 mp.
Urug hits you with a +0 eveningstar!
You take 10 damage, and have 44/69 hp.
You hit Urug.
Urug is almost dead.
Urug hits you with a +0 eveningstar!!
* * * LOW HITPOINT WARNING * * *
Urug hits you with a +0 eveningstar!!
You die...

######..# ##...######.....#
#..###...o...###.....'
##............##.....# ###
##.....##....####'### #.#
#....####...# ##.# #.#### #...##
##..###..# #....# #...#
##...##.## ######'## #...#
##....##.# ........#
##+o@####.....##.# ........#
#.............##+#### ........#
#......)............# ........#
#.......[[.####.....# ........#
#.......[#..# #.....'
........#####........##.# #.....#
........#...'........##.# #.....#
........#.###........##.###.....#
........'.# ###########...'.....#


You could see Urug.

Vanquished Creatures
  2 two-headed ogres
  3 trolls
  Grinder (D:6)
  A wraith (D:7)
  A shadow (D:10)
  6 yaks (D:9)
  A steam dragon (D:8)
  Edmund (D:6)
  An acid dragon (D:10)
  2 water moccasins
  An ice beast (D:7)
  4 orc warriors
  3 wolves (D:8)
  2 ogres (D:5)
  5 centaurs
  2 phantoms
  A kobold brigand (D:9)
  3 bullfrogs
  4 scorpions
  3 gnoll sergeants
  7 wights
  2 electric eels (D:8)
  A howler monkey (D:5)
  A crimson imp (D:5)
  7 hounds
  2 gnoll boudas
  8 orc priests
  Jessica (D:3)
  An iguana (D:5)
  3 sleepcaps
  10 orc wizards
  32 gnolls
  6 adders
  2 shadow imps
  A white imp (D:5)
  6 worms
  A dart slug (D:1)
  68 orcs
  7 ball pythons
  A bat (D:1)
  5 endoplasms
  3 giant cockroaches
  8 goblins
  5 hobgoblins
  4 jackals (D:4)
  5 quokkas
  3 frilled lizards
  13 kobolds
  5 rats
265 creatures vanquished.

Notes
Turn   | Place    | Note
-------+----------+-------------------------------------------
     0 | D:1      | spardeous the Demigod Conjurer began the quest for the Orb.
     0 | D:1      | Reached XP level 1. HP: 14/14 MP: 5/5
   356 | D:1      | Reached XP level 2. HP: 20/20 MP: 4/7
  1445 | D:2      | Learned a level 2 spell: Searing Ray
  1889 | D:2      | Reached XP level 3. HP: 26/26 MP: 2/9
  1950 | D:2      | Identified the amulet "Gyatt" {Spirit Str+2}
  2862 | D:3      | Noticed Jessica
  2866 | D:3      | Killed Jessica
  3006 | D:3      | Reached XP level 4. HP: 33/33 MP: 5/11
  3620 | D:3      | Reached XP level 5. HP: 38/38 MP: 11/13
  3789 | D:3      | Reached skill level 5 in Conjurations
  4387 | D:4      | Reached XP level 6. HP: 45/45 MP: 9/15
  5354 | D:5      | Entered Level 5 of the Dungeon
  5368 | D:5      | Found Rofov's Magic Scroll Emporium.
  5375 | D:5      | Bought a scroll of identify for 26 gold pieces
  5375 | D:5      | Bought a scroll of identify for 26 gold pieces
  5375 | D:5      | Bought a scroll of identify for 26 gold pieces
  5375 | D:5      | Bought a scroll of identify for 26 gold pieces
  5560 | D:5      | Learned a level 4 spell: Iskenderun's Mystic Blast
  5843 | D:5      | Reached skill level 1 in Translocations
  6016 | D:5      | Reached XP level 7. HP: 50/50 MP: 8/17
  6095 | D:5      | Reached skill level 2 in Translocations
  6192 | D:5      | Reached skill level 3 in Translocations
  6414 | D:5      | Found a staircase to the Ecumenical Temple.
  6430 | D:5      | Reached skill level 4 in Translocations
  6968 | D:5      | Reached skill level 5 in Translocations
  7205 | D:5      | Reached XP level 8. HP: 57/57 MP: 15/18
  7394 | D:6      | Reached skill level 6 in Translocations
  7396 | D:6      | Noticed a two-headed ogre
  7726 | D:5      | Killed a two-headed ogre
  7727 | D:5      | Reached skill level 8 in Translocations
  8377 | D:6      | Noticed Grinder
  8407 | D:6      | Killed Grinder
  8572 | D:6      | Identified a scroll of acquirement
  8573 | D:6      | Acquired 645 gold pieces
  8753 | D:6      | Found Zin's Purification Station.
  8920 | D:6      | Noticed Edmund
  8969 | D:6      | Killed Edmund
  8970 | D:6      | Reached skill level 9 in Translocations
  8970 | D:6      | Reached XP level 9. HP: 62/62 MP: 5/19
  9843 | D:7      | Reached skill level 10 in Translocations
 10386 | D:7      | Reached skill level 5 in Spellcasting
 10476 | D:7      | Identified the amulet of Greed {Spirit Int+3}
 11321 | D:8      | Found Wipteizi's Weapon Shoppe.
 11430 | D:8      | Bought the +10 morningstar "Eos" {elec, Halo rElec} for 814
                  | gold pieces
 11430 | D:8      | Found the +10 morningstar "Eos" {elec, Halo rElec}
 11593 | D:8      | Found Vootodwu's Magic Scroll Emporium.
 11620 | D:8      | Found Kiruen's Jewellery Shop.
 11699 | D:8      | Reached skill level 1 in Maces & Flails
 12163 | D:8      | Found a staircase to the Lair.
 12359 | D:8      | Found Sueg's General Store.
 12488 | D:8      | Reached XP level 10. HP: 69/69 MP: 21/23
 12689 | D:9      | Reached skill level 5 in Maces & Flails
 12738 | D:9      | Found a staircase to the Orcish Mines.
 13334 | D:9      | Noticed a two-headed ogre
 13346 | D:9      | Killed a two-headed ogre
 13498 | D:9      | Found a runed translucent gate.
 13499 | D:9      | Found a runed translucent gate.
 13499 | D:9      | Noticed an obsidian statue
 13500 | D:9      | Found a runed translucent gate.
 13502 | D:9      | Found Aquuhain's Assorted Antiques.
 13502 | D:9      | Noticed BillyBaka's ghost (journeyman GnHu)
 13503 | D:9      | Noticed a harpy
 13857 | D:10     | Entered Level 10 of the Dungeon
 14501 | D:10     | Noticed Urug
 14700 | D:10     | Mangled by Urug

Illustrated notes

Levels and vault maps discovered:
D:1:      onia_arrival_mini_maze, layout_basic, minmay_misc_feat_rugged,
          wad_floor_pattern_untrapped, minmay_misc_feat_square
D:2:      layout_loops_corners, glass_columns_c
D:3:      layout_loops_cross, hex_medium, nrook_mini_backslash, uniq_jessica
D:4:      layout_basic, minmay_between
D:5:      layout_loops_corners, nemelex_dance_club_becter,
          mainiacjoe_overflow_six_doors_small, okawaru_metal_pillars_1_2,
          makhleb_grotto_becter, minmay_temple_entry_proselytizer, serial_shops,
          shop
D:6:      layout_gridville, zin_purify, uniq_grinder, uniq_edmund
D:7:      layout_basic, mainiacjoe_overflow_surrounded_room,
          nicolae_overflow_hidden_temple
D:8:      layout_loops_cross, elyvilon_altar_3, erik_lair_island, serial_shops,
          nicolae_stop_n_shop_2, shop, shop, shop
D:9:      layout_rooms, mainiacjoe_overflow_boulevard, david_orc_2,
          ebering_ghost_gozag
D:10:     layout_roguey [special_room_orc], fedhas_altar_3,
          hangedman_decor_growths, nicolae_zen_rock_garden, uniq_urug

Skill      XL: |  1  2  3  4  5  6  7  8  9 10 |
---------------+-------------------------------+-----
Spellcasting   | 2 3 4 6 |  6.0
Conjurations   | 4 5 6 |  6.0
Translocations | 1 5 9 10 | 10.1
Maces & Flails | 4 8 |  8.8
Dodging        | |  1.7
Stealth        | |  1.7

Action                     |  1- 3 |  4- 6 |  7- 9 | 10-12 || total
---------------------------+-------+-------+-------+-------++-------
  Melee: Dagger            |       |     4 |    74 |       ||    78
         Punch             |       |       |     5 |       ||     5
         Morningstar       |       |       |    59 |    56 ||   115
   Cast: Magic Dart        |    91 |   110 |    36 |       ||   237
         Searing Ray       |       |    23 |    25 |       ||    48
         Iskenderun's Myst |       |       |    83 |    56 ||   139
    Use: Scroll            |       |     5 |     6 |       ||    11
 Armour: Ring mail         |     5 |    21 |   118 |    43 ||   187
  Dodge: Dodged            |     8 |    31 |    97 |    60 ||   196
